 Dungeon Crawl Stone Soup version 0.26-a0-631-ged93497179 (webtiles) character file.

Game seed: 6455867875077239536

7778 Peloso the Cleaver (level 11, -2/57 HPs)
             Began as a Vine Stalker Fighter on Sept 13, 2020.
             Was an Elder of Okawaru.
             Slain by a catoblepas (6 damage)
             ... while petrified by you
             ... on level 10 of the Dungeon.
             The game lasted 00:23:53 (7814 turns).

Peloso the Cleaver (Vine Stalker Fighter)           Turns: 7814, Time: 00:23:54

Health: -2/57      AC: 16    Str: 21    XL:     11   Next: 20%
Magic:  0/12       EV:  2    Int:  8    God:    Okawaru [****..]
Gold:   138        SH:  0    Dex: 21    Spells: 10/10 levels left

rFire    . . .     SeeInvis .   b - +9 hand axe of the Dwarven Hall {freeze, rElec}
rCold    . . .     Faith    .   c - +0 kite shield
rNeg     + + +     Spirit   +   d - +1 plate armour
rPois    ∞         Reflect  .   q - +1 hat
rElec    +         Harm     .   J - +0 cloak
rCorr    .         Rampage  .   (no gloves)
MR       +....                  (no boots)
Stlth    ..........             F - amulet of magic regeneration
HPRegen  0.59/turn              A - +6 ring of dexterity
MPRegen  0.38/turn              G - ring of poison resistance

@: petrified
A: fangs 3, regeneration 1, magic shield, antimagic bite, no potion heal 3, rot
immunity
a: Heroism, Renounce Religion


You were on level 10 of the Dungeon.
You worshipped Okawaru.
Okawaru was greatly pleased with you.
You visited 2 branches of the dungeon, and saw 11 of its levels.

You collected 538 gold pieces.
You spent 400 gold pieces at shops.

Inventory:

Hand Weapons
 a - a +3 vorpal long sword
 b - the +9 hand axe of the Dwarven Hall (weapon) {freeze, rElec}
   (You found it on level 4 of the Dungeon)

   It has been specially enchanted to freeze those struck by it, causing extra
   injury to most foes and up to half again as much damage against particularly
   susceptible opponents.
   It can also slow down cold-blooded creatures.
   It insulates you from electricity.
 f - the +11 spear of Uskayaw's Approval {vorpal, Int+3 Dex+2}
   (You found it on level 8 of the Dungeon)

   It inflicts extra damage upon your enemies.
   It affects your intelligence (+3).
   It affects your dexterity (+2).
 z - a +0 whip of flaming
Missiles
 v - 27 bolts
Armour
 c - a +0 kite shield (worn)
 d - a +1 plate armour (worn)
 p - a +0 pair of gloves
 q - a +1 hat (worn)
 J - a +0 cloak (worn)
 O - a cursed +0 pair of gloves
Jewellery
 m - an uncursed ring of wizardry
 y - an uncursed ring of resist corrosion
 A - a +6 ring of dexterity (left hand)
 F - an amulet of magic regeneration (around neck)
 G - a ring of poison resistance (right hand)
 L - a cursed -4 ring of dexterity
Wands
 r - a wand of iceblast (19)
 w - a wand of flame (23)
 D - a wand of paralysis (10)
 H - a wand of random effects (18)
Scrolls
 e - a scroll of enchant armour
 g - 7 scrolls of teleportation
 h - a scroll of random uselessness {unknown}
 i - 4 scrolls of identify
 j - 2 scrolls of magic mapping
 k - 6 scrolls of remove curse
 n - 2 scrolls of amnesia {unknown}
 s - a scroll of immolation {unknown}
 u - 3 scrolls of blinking {unknown}
 E - 5 scrolls of fog
 K - a scroll of fear {unknown}
 M - a scroll of silence {unknown}
 N - a scroll of enchant weapon
Potions
 l - 3 potions of brilliance
 o - 3 potions of mutation
 t - a potion of haste
 x - a potion of heal wounds
 B - a potion of stabbing
 C - a potion of berserk rage
 I - a potion of magic


   Skills:
 + Level 6.3 Fighting
 + Level 4.2 Long Blades
 + Level 8.8 Axes
 + Level 6.5 Armour
 + Level 1.4 Dodging
 + Level 3.2 Stealth
 + Level 8.4 Shields
 + Level 0.1 Evocations


You had 10 spell levels left.
You didn't know any spells.
Your spell library contained the following spells:

 Spells                   Type           Power        Failure   Level
 Summon Small Mammal      Summ           #...         100%        1
 Call Imp                 Summ           #.......     100%        2
 Call Canine Familiar     Summ           #.......     100%        3
 Summon Guardian Golem    Hex/Summ       #.......     100%        3
 Summon Ice Beast         Ice/Summ       #.......     100%        4
 Summon Lightning Spire   Summ/Air       #.......     100%        4


Dungeon Overview and Level Annotations

Branches:
Dungeon (10/15)            Temple (1/1) D:7            Lair (0/6) D:9
    Orc: D:9-12

Altars:
Ashenzari
Cheibriados
Dithmenos
Elyvilon
Fedhas
Gozag
Hepliaklqana
Kikubaaqudgha
Makhleb
Nemelex Xobeh
Okawaru
Qazlal
Ru
Sif Muna
Trog
Uskayaw
Vehumet
Wu Jian
Xom
Yredelemnul
Zin
The Shining One

Shops:
D:6 =   D:8 (   D:9 !*?=*

Annotations:
D:7 soldi


Innate Abilities, Weirdness & Mutations

You have razor-sharp teeth.
Your natural rate of healing is unusually fast.
When hurt, damage is shared between your health and your magic reserves.
Your bite disrupts and absorbs the magic of your enemies.
Potions cannot restore your health.
You are immune to rotting.


Message History

You are engulfed in calcifying dust.
The howler monkey howls!
You hear a howl! x2
The catoblepas gores you!!
* * * LOW HITPOINT WARNING * * *
You are engulfed in calcifying dust.
The catoblepas breathes a plume of calcifying dust at you.
The blast of calcifying dust hits you!
* * * LOW HITPOINT WARNING * * *
You are engulfed in calcifying dust.
The howler monkey hits you but does no damage.
The catoblepas gores you but does no damage.
The howler monkey hits you but does no damage.
The catoblepas breathes a plume of calcifying dust at you.
The blast of calcifying dust hits you but does no damage.
The howler monkey barely misses you.
You are engulfed in calcifying dust.
The catoblepas gores you but does no damage.
The howler monkey hits you but does no damage.
You are engulfed in calcifying dust.
The catoblepas gores you!!
You die...

....$.....
..........#####
#...........#.#
../..........>#
#... .......$.#
#....##.##.##.####
#.................
[..###.##h.#.##.
#.§§§@Y....#
#.###......#
#.#.......(# #
#.#†.#[..#
#.#..†...# #
#.##...# #†###..#
#†# #..# #.#
#..#.#


You could see a catoblepas and a howler monkey.

Vanquished Creatures
  Harold (D:8)
  Pikel (D:6)
  Maurice (D:8)
  Prince Ribbit (D:8)
  A hippogriff (D:9)
  Sigmund (D:2)
  A shadow (D:10)
  A wyvern (D:9)
  Eustachio (D:5)
  8 yaks
  Duvessa (D:7)
  A black bear (D:9)
  2 ice beasts
  A sky beast (D:6)
  5 ogres
  2 phantoms (D:8)
  A centaur (D:5)
  A crocodile (D:9)
  7 bullfrogs
  2 scorpions
  Dowan (D:7)
  15 wights
  2 vampire bats (D:2)
  4 howler monkeys
  8 hounds
  A bullfrog zombie (D:10)
  3 jellies
  2 centaur skeletons
  Ijyb (D:3)
  Jessica (D:3)
  6 iguanas
  2 gnoll shamans
  2 orc wizards
  Terence (D:1)
  14 worker ants
  A hound zombie (D:10)
  9 gnolls
  A worker ant zombie (D:7)
  2 howler monkey skeletons
  14 adders
  2 shadow imps
  3 ufetubi
  2 oozes
  An adder zombie (D:7)
  4 adder skeletons
  2 dart slugs
  4 leopard geckos
  22 orcs
  5 bats
  4 bat skeletons (D:2)
  A bat zombie (D:2)
  3 giant cockroaches
  9 goblins
  8 hobgoblins
  10 jackals
  4 quokkas
  A ball python (D:6)
  6 frilled lizards
  12 kobolds
  A leopard gecko zombie (D:5)
  8 rats
  A spectral orc (D:9)
243 creatures vanquished.

Vanquished Creatures (others)
  3 plants (D:6)
3 creatures vanquished.

Grand Total: 246 creatures vanquished

Notes
Turn   | Place    | Note
-------+----------+-------------------------------------------
     0 | D:1      | Peloso the Vine Stalker Fighter began the quest for the
                  | Orb.
     0 | D:1      | Reached XP level 1. HP: 11/11 MP: 2/2
   324 | D:1      | Reached XP level 2. HP: 12/16 MP: 3/3
   963 | D:1      | Reached XP level 3. HP: 20/20 MP: 4/4
  1243 | D:2      | Noticed Sigmund
  1258 | D:2      | Killed Sigmund
  1258 | D:2      | Gained mutation: Your natural rate of healing is unusually
                  | fast. [Vine Stalker growth]
  1258 | D:2      | Reached XP level 4. HP: 22/24 MP: 5/5
  1258 | D:2      | Reached XP level 5. HP: 25/28 MP: 6/6
  1344 | D:2      | Noticed Terence
  1380 | D:1      | Killed Terence
  1592 | D:2      | Found an ancient bone altar of Kikubaaqudgha.
  1627 | D:2      | Reached XP level 6. HP: 32/32 MP: 7/7
  1789 | D:2      | Found a burning altar of Makhleb.
  2246 | D:3      | Noticed Jessica
  2255 | D:3      | Killed Jessica
  2382 | D:3      | Noticed Ijyb
  2402 | D:3      | Killed Ijyb
  2402 | D:3      | Reached XP level 7. HP: 37/37 MP: 8/8
  2568 | D:3      | Found a hazy altar of Hepliaklqana.
  2691 | D:4      | Got a jewelled hand axe
  2692 | D:4      | Identified the +9 hand axe of the Dwarven Hall {freeze,
                  | rElec} (You found it on level 4 of the Dungeon)
  3395 | D:5      | Entered Level 5 of the Dungeon
  3409 | D:5      | Found an ornate altar of the Wu Jian Council.
  3421 | D:5      | Noticed Eustachio
  3436 | D:5      | Reached skill level 1 in Axes
  3436 | D:5      | Reached skill level 1 in Stealth
  3436 | D:5      | Gained mutation: You have razor-sharp teeth. [Vine Stalker
                  | growth]
  3436 | D:5      | Reached XP level 8. HP: 22/42 MP: 5/9
  3437 | D:5      | Reached skill level 5 in Shields
  3454 | D:5      | Killed Eustachio
  3454 | D:5      | Reached skill level 1 in Dodging
  3582 | D:5      | You fall into a shaft and drop 2 floors!
  3582 | D:7      | Noticed Duvessa
  3583 | D:7      | Noticed Dowan
  3586 | D:7      | Killed Dowan
  3592 | D:7      | Killed Duvessa
  3592 | D:7      | Reached skill level 5 in Armour
  3644 | D:7      | Found a glowing silver altar of Zin.
  3771 | D:7      | Reached XP level 9. HP: 12/45 MP: 4/10
  3949 | D:7      | Found a snail-covered altar of Cheibriados.
  4413 | D:7      | Reached skill level 5 in Axes
  4523 | D:7      | Found a staircase to the Ecumenical Temple.
  4541 | Temple   | Entered the Ecumenical Temple
  4614 | Temple   | Became a worshipper of Warmaster Okawaru
  4896 | D:6      | Noticed Pikel
  4902 | D:6      | Killed Pikel
  5017 | D:6      | Reached * piety under Okawaru
  5238 | D:6      | Found Nalempid's Jewellery Emporium.
  5695 | D:5      | Reached skill level 5 in Fighting
  5789 | D:5      | Reached XP level 10. HP: 51/51 MP: 11/11
  6030 | D:8      | Got a pitted spear
  6031 | D:8      | Identified the +11 spear of Uskayaw's Approval {vorpal,
                  | Int+3 Dex+2} (You found it on level 8 of the Dungeon)
  6034 | D:8      | Noticed Harold
  6055 | D:8      | Killed Harold
  6055 | D:8      | Reached ** piety under Okawaru
  6146 | D:8      | Found Nosel's Antique Weapon Emporium.
  6159 | D:8      | Bought a runed scimitar for 182 gold pieces
  6254 | D:8      | Found a blossoming altar of Fedhas.
  6277 | D:8      | Noticed Maurice
  6290 | D:8      | Killed Maurice
  6409 | D:8      | Noticed Prince Ribbit
  6422 | D:8      | Killed Prince Ribbit
  6422 | D:8      | Reached *** piety under Okawaru
  6922 | D:9      | Found a staircase to the Lair.
  6944 | D:9      | Found Jagiazef's Distillery.
  7006 | D:9      | Found Piosual's Magic Scroll Shop.
  7028 | D:9      | Found Jokhlir's Assorted Antiques.
  7034 | D:9      | Bought a scroll of magic mapping for 42 gold pieces
  7034 | D:9      | Bought a scroll of identify for 24 gold pieces
  7034 | D:9      | Bought a scroll of identify for 24 gold pieces
  7034 | D:9      | Bought a scroll of identify for 24 gold pieces
  7034 | D:9      | Bought a scroll of identify for 24 gold pieces
  7034 | D:9      | Bought a scroll of identify for 24 gold pieces
  7034 | D:9      | Bought a scroll of fog for 24 gold pieces
  7158 | D:9      | Found Jicraom's Jewellery Emporium.
  7161 | D:9      | Bought a cursed amulet of inaccuracy for 32 gold pieces
  7187 | D:9      | Reached **** piety under Okawaru
  7191 | D:9      | Reached XP level 11. HP: 49/56 MP: 12/12
  7216 | D:9      | Found Gulubb's General Store.
  7261 | D:9      | Found a basalt altar of Yredelemnul.
  7416 | D:9      | Got an encrusted flail
  7417 | D:9      | Identified the cursed +1 flail "Cylotwut" {vamp, *Contam
                  | rPois rC++} (You found it on level 9 of the Dungeon)
  7569 | D:10     | Entered Level 10 of the Dungeon
  7587 | D:10     | Found a shadowy altar of Dithmenos.
  7727 | D:10     | Noticed a catoblepas
  7810 | D:10     | HP: 1/57 [catoblepas/blast of calcifying dust (3)]
  7814 | D:10     | Slain by a catoblepas

Illustrated notes

Levels and vault maps discovered:
D:1:      ncdulo_lavacross, layout_basic
D:2:      layout_loops_ring, kennysheep_vampire_church,
          makhleb_heckhound_becter, uniq_sigmund, uniq_terence
D:3:      layout_loops_ring, lemuel_coloured_pillars_altar, uniq_jessica,
          uniq_ijyb
D:4:      layout_basic
D:5:      layout_rooms, overflow_temple_1_default, minmay_misc_feat_alley,
          uniq_eustachio
D:6:      corexii_shack_village, layout_loops_ring, serial_shops,
          nicolae_shop_competitors_out_of_business, uniq_pikel
D:7:      layout_loops_corners, old_standard_altar, zin_treasury,
          temple_statues, roderic_roman_lattice, uniq_duvessa
D:8:      layout_basic, serial_shops, shop, fedhas_ov_isle_minmay, uniq_harold,
          uniq_maurice, uniq_prince_ribbit1
D:9:      layout_roguey, yredelemnul_forgotten_temple_becter, lair_entry_dummy,
          serial_shops, shop, nicolae_shop_behind_doors,
          nicolae_shop_behind_doors, shop_fountains, nicolae_shop_behind_doors
D:10:     layout_basic, minmay_curled_crystal, grunt_dithmenos_shadows
Temple:   regret_index_temple_waves

Skill      XL: |  1  2  3  4  5  6  7  8  9 10 |
---------------+-------------------------------+-----
Shields        | 3 4 6 7 8 |  8.4
Fighting       | 3 4 5 6 |  6.3
Long Blades    | 2 3 4 |  4.2
Armour         | 3 4 5 6 |  6.5
Axes           | 1 4 6 8 |  8.8
Stealth        | 1 3 |  3.2
Dodging        | 1 |  1.4
Evocations     | |  0.1

Action                   |  1- 3 |  4- 6 |  7- 9 | 10-12 || total
-------------------------+-------+-------+-------+-------++-------
Melee: Long sword        |    54 |   135 |     9 |       ||   198
       Bite              |     8 |    41 |    89 |    84 ||   222
       Hand axe          |       |       |   261 |   223 ||   484
Invok: Heroism           |       |       |       |     1 ||     1
Evoke: Wand              |       |       |       |     2 ||     2
  Use: Potion            |       |     4 |       |     1 ||     5
       Scroll            |       |       |     4 |     9 ||    13
 Stab: Paralysed         |       |       |       |     4 ||     4
Armor: Scale mail        |    25 |    12 |       |       ||    37
       Plate armour      |       |   108 |   147 |    82 ||   337
Dodge: Dodged            |    16 |    33 |    36 |    40 ||   125
Block: Kite shield       |    38 |   116 |   144 |   102 ||   400
       Rpst.: Long sword |     3 |    15 |       |       ||    18

Table legend: (Time is in decaauts)
 A = Elapsed time spent in this place.
 B = Non-inter-level travel time spent in this place.
 C = Inter-level travel time spent in this place.
 D = Time resting spent in this place.
 E = Time spent auto-exploring this place.
 F = Levels seen in this place.
 G = Mean time per level.
                   A        B        C        D        E       F      G
               +--------+--------+--------+--------+--------+-----+--------+
         Total |   7908 |   7550 |    358 |     67 |   5363 |  11 |  718.9 |
       Dungeon |   7757 |   7472 |    285 |     67 |   5297 |  10 |  775.7 |
        Temple |    150 |     78 |     72 |      0 |     66 |   1 |  150.0 |
               +--------+--------+--------+--------+--------+-----+--------+

Top non-repeatable levels by time:
     D:1: 1300 daAuts
     D:7: 1141 daAuts
     D:8: 914 daAuts
     D:6: 810 daAuts
     D:2: 788 daAuts
     D:4: 727 daAuts
     D:9: 682 daAuts
     D:3: 652 daAuts
     D:5: 543 daAuts
    D:10: 196 daAuts
  Temple: 150 daAuts
